 Dungeon Crawl Stone Soup version 0.28.0-49-g6dfe1f597d (console) character file.

Game seed: 18186485190582097887

67 Faeu the Chopper (level 4, -5/61 HPs)
             Began as a Minotaur Berserker on May 15, 2022.
             Was a Believer of Trog.
             Killed by nerve-wracking pain
             ... invoked by an orc priest
              (8 damage)
             ... on level 2 of the Dungeon.
             The game lasted 00:01:22 (886 turns).

Faeu the Chopper (Minotaur Berserker)                Turns: 886, Time: 00:01:22

Health: -5/61      AC:  2    Str: 24    XL:     4   Next: 0%
Magic:  3/3        EV: 12    Int:  4    God:    Trog [**....]
Gold:   46         SH:  0    Dex:  9    Spells: 3/3 levels left

rFire   . . .      SeeInvis .   a - +0 hand axe {axe}
rCold   . . .      Faith    .   (no shield)
rNeg    . . .      Spirit   .   b - +0 animal skin
rPois   .          Reflect  .   (helmet restricted)
rElec   .          Harm     .   (no cloak)
rCorr   .          Rampage  .   (no gloves)
Will    .....                   (no boots)
Stlth   ..........              (no amulet)
HPRegen 0.20/turn               (no ring)
MPRegen 0.08/turn               (no ring)

@: berserking, very quick
A: horns 2, retaliatory headbutt
a: Renounce Religion, Berserk, Trog's Hand


You were on level 2 of the Dungeon.
You worshipped Trog.
Trog was pleased with you.
You visited 1 branch of the dungeon, and saw 2 of its levels.

You collected 46 gold pieces.


Innate Abilities, Weirdness & Mutations

You have a pair of horns on your head.
You reflexively headbutt those who attack you in melee.


   Skills:
 + Level 4.3 Fighting
 + Level 4.3 Axes
 + Level 3.3 Armour
 + Level 3.0 Dodging


You had 3 spell levels left.
You didn't know any spells.
Your spell library was empty.

Inventory:

Hand Weapons
 a - a +0 hand axe (weapon) {axe}
Armour
 b - a +0 animal skin (worn)
Scrolls
 c - 8 scrolls of identify {unknown}
Potions
 d - a potion of heal wounds {unknown}
 e - a potion of curing {unknown}

Dungeon Overview and Level Annotations

Branches:
Dungeon (2/15)

Altars:

###. ..#. .... #.
###.. ##### #.. .#
#.....#...# #.# .#
......#.#.# #.##.#
.......<#.###.#..#
.
.....#†)#.......#
... ...
#.o@o.)....#.... .
##.##...........
#..)...........
#......).##....
.........#.# ...
.....#...#...
..#.##.#####.#
.... ..# ... ..
#.. ..# #.. ...


You could see an orc priest and an orc.


Message History

You kill the orc wizard!
Trog accepts your kill.
Trog appreciates your killing of a magic user.
You can now call upon Trog for regeneration and willpower.
You feel a strong urge to attack something.
You see here a +0 dagger {short}.
You feel your anger nearly subside.
You are no longer berserk.
You are exhausted.
You feel yourself slow down. 😮 HP[-11]
You now have 33 max hp (-16). 😮 HP[+1]
There is a stone staircase leading up here.
You climb upwards.
There is a stone staircase leading down here.
You start resting.
You feel yourself speed up.
You recover from your berserk rage.
HP restored. 😎 HP[+10] Done exploring.
No target in view!
There is a staircase leading out of the dungeon here.
(D) Dungeon
Where to? (Enter - D:2, ? - help)
There is a stone staircase leading down here.
You climb downwards.
The adder bites you.
You are poisoned.
The adder poisons you! The adder misses you.
The ball python bites you but does no damage.
The ball python grabs you. The ball python constricts you.
There is a stone staircase leading up here. 😕 HP[-3]
You take 3 damage, and now have 30/33 hp.
You slash the ball python!
You kill the ball python!
Trog accepts your kill.
You barely miss the adder.
You feel sick. The adder bites you. x2 😮 HP[-10]
You take 10 damage, and now have 20/33 hp.
MASSIVE DAMAGE!! (PAUSE)
An adder is nearby!
You are too injured to fight recklessly!
You closely miss the adder. Your headbutt misses the adder.
You feel sick.
The adder bites you but does no damage. 😮 HP[-2]
You take 2 damage, and now have 18/33 hp.
You slash the adder!
You feel sick. The adder closely misses you.
The adder barely misses you. 😮 HP[-1]
You take 1 damage, and now have 17/33 hp.
You hit the adder.
You kill the adder!
Trog accepts your kill.
You hit the orc.
You feel sick. The orc hits you with a +0 flail.
* * * LOW HITPOINT WARNING * * *
Your Dodging skill increases to level 3! 😨 HP[-5]
You now have 34 max hp (+1).
You take 5 damage, and now have 12/34 hp.
You slash the orc!
You kill the orc!
Trog accepts your kill.
You feel sick.
You have reached level 4!
You feel stronger. 😨 HP[+2] MP[+1]
You now have 41 max hp (+7).
You regained 2 hp, and now have 14/41 hp.
Your mp is fully restored (3).
You start resting.
You feel sick.
You are no longer poisoned.
An orc priest comes into view.
It is wielding a +0 short sword. 😨 HP[-1]
You take 1 damage, and now have 13/41 hp.
An orc comes into view. It is wielding a +0 dagger.
The orc shouts!
The orc priest shouts!
The orc moves out of view.
You hear a shout!
You see here a +0 flail {mace}. 😨 HP[+1]
The orc priest closely misses you.
You hit the orc priest but do no damage.
The orc priest invokes the aid of Beogh against you.
Beogh smites you!
* * * LOW HITPOINT WARNING * * *
😱 HP[-9]
You take 9 damage, and now have 5/41 hp.
MASSIVE DAMAGE!! (PAUSE)
A red film seems to cover your vision as you go berserk!
You feel yourself moving faster!
You feel mighty!
The orc throws a boomerang.
The boomerang closely misses you.
The orc priest hits you with a +0 short sword.
* * * LOW HITPOINT WARNING * * *
😱 HP[-2]
You now have 61 max hp (+20).
You hit the orc priest.
The orc priest calls down the wrath of Beogh upon you.
Pain shoots through your body!
You die...

Skill      XL: |  1  2  3 |
---------------+----------+-----
Axes           | 4 |  4.3
Fighting       | 4 |  4.3
Armour         | 3 |  3.3
Dodging        | 3 |  3.0

Action                   |  1- 3 |  4- 6 || total
-------------------------+-------+-------++-------
Melee: Hand axe          |    44 |     2 ||    46
       Headbutt          |     6 |       ||     6
Invok: Berserk           |     1 |     1 ||     2
Armor: Animal skin       |     6 |       ||     6
Dodge: Dodged            |    33 |     2 ||    35

Levels and vault maps discovered:
D:1:      minmay_arrival_glassed_features, layout_basic,
          chequers_ecumenical_altar_simple_redux, serial_corexii_hall,
          corexii_hall_statues_s, chequers_hall_statues_corner_a
D:2:      layout_rooms

Notes
Turn   | Place    | Note
-------+----------+-------------------------------------------
     0 | D:1      | Faeu the Minotaur Berserker began the quest for the Orb.
     0 | D:1      | Reached XP level 1. HP: 19/19 MP: 0/0
     0 | D:1      | magus.rc [v1.9.6]
   217 | D:1      | Reached XP level 2. HP: 21/27 MP: 1/1
   462 | D:1      | Found a faded altar of an unknown god.
   474 | D:1      | Reached skill level 4 in Axes
   613 | D:1      | Reached skill level 4 in Fighting
   761 | D:2      | Reached skill level 3 in Armour
   761 | D:2      | Reached XP level 3. HP: 22/33 MP: 2/2
   765 | D:2      | Reached ** piety under Trog
   876 | D:2      | Reached skill level 3 in Dodging
   877 | D:2      | Reached XP level 4. HP: 14/41 MP: 3/3
   884 | D:2      | HP: 5/41 [orc priest/divine providence (9)]
   886 | D:2      | Killed from afar by an orc priest

Vanquished Creatures
  An orc wizard (D:2)
  An adder (D:2)
  A dart slug (D:1)
  2 orcs (D:2)
  3 bats
  2 giant cockroaches (D:1)
  5 goblins
  3 hobgoblins
  2 kobolds
  A quokka (D:1)
  4 ball pythons
  2 frilled lizards
  A rat (D:1)
28 creatures vanquished.

Table legend:
 A = Non-vault XP
 B = Vault XP
 C = Vault XP percentage of total XP
 D = Non-vault monster count
 E = Vault monster count
 F = Vault count percentage of total count
                 A         B        C        D         E       F
            +---------+---------+-------+---------+---------+-------
      Total |      97 |       0 |   0.0 |      28 |       0 |   0.0
            +---------+---------+-------+---------+---------+-------
        D:1 |      34 |       0 |   0.0 |      18 |       0 |   0.0
        D:2 |      63 |       0 |   0.0 |      10 |       0 |   0.0
            +---------+---------+-------+---------+---------+-------

Illustrated notes

Table legend:
 A = Kills in this place as a percentage of kills in entire the game.
 B = Kills by you in this place as a percentage of kills by you in the entire game.
 C = Kills by friends in this place as a percentage of kills by friends in the entire game.
 D = Other kills in this place as a percentage of other kills in the entire game.
 E = Experience gained in this place as a percentage of experience gained in the entire game.
 F = Experience gained in this place divided by the number of levels of this place that you have seen.
                   A       B       C       D       E      F
               +-------+-------+-------+-------+-------+----------------------
         Total | 100.0 | 100.0 |   N/A |   N/A | 100.0 |  48.5
       Dungeon | 100.0 | 100.0 |   N/A |   N/A | 100.0 |  48.5
               +-------+-------+-------+-------+-------+----------------------

Table legend: (Time is in decaauts)
 A = Elapsed time spent in this place.
 B = Non-inter-level travel time spent in this place.
 C = Inter-level travel time spent in this place.
 D = Time resting spent in this place.
 E = Time spent auto-exploring this place.
 F = Levels seen in this place.
 G = Mean time per level.
                   A        B        C        D        E       F      G
               +--------+--------+--------+--------+--------+-----+--------+
         Total |    903 |    875 |     28 |     88 |    639 |   2 |  451.5 |
       Dungeon |    903 |    875 |     28 |     88 |    639 |   2 |  451.5 |
               +--------+--------+--------+--------+--------+-----+--------+

Top non-repeatable levels by time:
     D:1: 859 daAuts
     D:2: 43 daAuts
